12 | 0:00 | Probe | |
13 | 0:12 | Probe | |
14 | 0:17 | Pylon | |
14 | 0:24 | Probe (Chrono Boost) | |
15 | 0:36 | Probe (Chrono Boost), Gateway | |
16 | 0:44 | Probe (Chrono Boost) | |
16 | 0:46 | Assimilator | |
17 | 0:50 | Probe | |
17 | 0:54 | Assimilator | |
18 | 1:03 | Probe (Chrono Boost) | |
19 | 1:09 | Gateway | |
19 | 1:13 | Probe (Chrono Boost) | |
19 | 1:18 | Probe (Chrono Boost) | |
20 | 1:24 | Cybernetics Core | |
21 | 1:29 | Probe | |
22 | 1:34 | Pylon | |
22 | 1:41 | Probe | |
23 | 1:53 | Probe | |
24 | 2:01 | Stalker x2 | |
28 | 2:03 | Warp Gate | |
28 | 2:07 | Probe | |
29 | 2:13 | Pylon | |
29 | 2:22 | Pylon | |
29 | 2:31 | Sentry | |
29 | 2:33 | Sentry | |
33 | 2:48 | Nexus | |
34 | 2:51 | Probe (Chrono Boost) | |
34 | 2:59 | Sentry | |
34 | 3:02 | Probe (Chrono Boost) | |
34 | 3:03 | Shield Battery | |
37 | 3:06 | Probe (Chrono Boost) | |
37 | 3:07 | Phoenix | |
38 | 3:13 | Pylon | |
38 | 3:17 | Probe (Chrono Boost) | |
39 | 3:30 | Probe (Chrono Boost), Twilight Council | |
40 | 3:39 | Probe | |
41 | 3:45 | Phoenix | |
41 | 3:52 | Probe (Chrono Boost) | |
41 | 3:53 | Forge | |
42 | 4:00 | Probe (Chrono Boost) | |
43 | 4:08 | Blink | |
43 | 4:09 | Probe x2 (Chrono Boost) | |
45 | 4:14 | Probe (Chrono Boost) | |
45 | 4:15 | Probe | |
47 | 4:20 | Shield Battery | |
47 | 4:22 | Stalker | |
47 | 4:24 | Protoss Ground Weapons Level 1 (Chrono Boost) | |
49 | 4:27 | Probe | |
49 | 4:28 | Robotics Facility | |
49 | 4:30 | Probe | |
51 | 4:39 | Probe | |
51 | 4:42 | Probe | |
53 | 4:51 | Probe | |
53 | 4:52 | Nexus | |
54 | 4:54 | Probe, Pylon | |
54 | 4:57 | Assimilator | |
54 | 4:58 | Phoenix | |
55 | 5:02 | Stalker | |
55 | 5:03 | Probe | |
55 | 5:06 | Probe | |
59 | 5:15 | Observer (Chrono Boost), Probe | |
59 | 5:16 | Stalker | |
59 | 5:18 | Probe | |
64 | 5:28 | Probe | |
65 | 5:29 | Observer (Chrono Boost) | |
65 | 5:30 | Probe, Gateway, Pylon | |
65 | 5:31 | Gateway | |
67 | 5:40 | Probe | |
68 | 5:43 | Probe | |
68 | 5:49 | Stalker x2 | |
69 | 5:52 | Probe | |
69 | 5:55 | Probe | |
70 | 6:04 | Probe | |
70 | 6:07 | Probe (Chrono Boost) | |
70 | 6:10 | Probe (Chrono Boost) | |
72 | 6:14 | Stalker | |
76 | 6:19 | Probe (Chrono Boost), Charge | |
76 | 6:22 | Probe x2 (Chrono Boost) | |
77 | 6:26 | Probe (Chrono Boost), Phoenix | |
77 | 6:27 | Probe (Chrono Boost) | |
77 | 6:29 | Probe (Chrono Boost), Protoss Ground Weapons Level 2 (Chrono Boost), Gateway | |
77 | 6:31 | Gateway | |
77 | 6:32 | Shield Battery | |
80 | 6:33 | Probe | |
81 | 6:40 | Probe | |
81 | 6:43 | Probe | |
83 | 6:49 | Pylon | |
83 | 6:50 | Gateway, Pylon | |
83 | 6:52 | Gateway | |
83 | 6:55 | Stalker x2 | |
83 | 6:59 | Stalker x2 | |
91 | 7:07 | Pylon | |
91 | 7:10 | Nexus | |
91 | 7:17 | Shield Battery | |
91 | 7:20 | Phoenix | |
91 | 7:21 | Stalker x2 | |
95 | 7:27 | Probe x3 | |
98 | 7:38 | Templar Archives | |
98 | 7:39 | Probe x2, Gateway | |
98 | 7:40 | Probe, Assimilator | |
101 | 7:44 | Gateway | |
101 | 7:45 | Immortal (Chrono Boost) | |
105 | 7:51 | Zealot x4 | |
105 | 7:52 | Zealot | |
105 | 7:58 | Zealot | |
117 | 8:01 | Pylon | |
117 | 8:03 | Observer | |
117 | 8:10 | Photon Cannon, Phoenix | |
117 | 8:13 | Immortal | |
117 | 8:14 | Pylon | |
121 | 8:20 | Probe x3, Pylon | |
121 | 8:26 | High Templar x2 | |
128 | 8:29 | Zealot x5 | |
128 | 8:32 | Probe | |
128 | 8:33 | Archon, Pylon, Protoss Ground Weapons Level 3 (Chrono Boost) | |
139 | 8:37 | Zealot x2 | |
143 | 8:44 | Photon Cannon | |
143 | 8:49 | Probe x3 | |
143 | 8:51 | Warp Prism | |
143 | 8:53 | Assimilator | |
143 | 8:55 | Assimilator | |
148 | 9:02 | Zealot x4 | |
156 | 9:07 | Probe | |
156 | 9:08 | Probe x2 | |
156 | 9:09 | Probe | |
156 | 9:12 | Photon Cannon | |
156 | 9:17 | Robotics Bay | |
156 | 9:19 | Probe | |
156 | 9:20 | Probe x2 | |
159 | 9:25 | Shield Battery | |
159 | 9:27 | Pylon, Robotics Facility | |
159 | 9:28 | Probe | |
159 | 9:29 | Assimilator | |
160 | 9:31 | Probe, Assimilator | |
160 | 9:32 | Probe | |
160 | 9:34 | Probe | |
163 | 9:45 | Observer, Pylon | |
163 | 9:46 | Pylon x2 | |
163 | 9:49 | High Templar | |
163 | 9:50 | High Templar, Zealot x2 | |
170 | 10:07 | Stalker | |
170 | 10:12 | Archon, Disruptor (Chrono Boost) | |
175 | 10:15 | Disruptor (Chrono Boost) | |
175 | 10:18 | Zealot x7 | |
192 | 10:22 | Zealot | |
192 | 10:25 | Pylon | |
192 | 10:36 | Photon Cannon | |
192 | 10:37 | Stargate | |
192 | 10:38 | Photon Cannon | |
192 | 10:39 | Pylon | |
192 | 10:41 | Disruptor | |
195 | 10:44 | Disruptor | |
195 | 10:46 | Gravitic Boosters (Chrono Boost) | |
198 | 10:52 | Nexus | |
198 | 10:53 | Pylon | |
198 | 11:00 | Pylon | |
195 | 11:16 | Disruptor | |
190 | 11:19 | Photon Cannon, Disruptor | |
190 | 11:20 | Photon Cannon | |
190 | 11:22 | Photon Cannon | |
191 | 11:25 | Shield Battery | |
191 | 11:27 | Protoss Shields Level 1 (Chrono Boost), Shield Battery | |
191 | 11:30 | Zealot x4 | |
187 | 11:37 | Photon Cannon, Oracle (Chrono Boost) | |
187 | 11:38 | Photon Cannon | |
186 | 11:42 | Assimilator | |
186 | 11:44 | Dark Shrine | |
186 | 11:52 | Disruptor | |
189 | 11:56 | Protoss Air Weapons Level 1 | |
189 | 12:03 | Photon Cannon | |
189 | 12:04 | Photon Cannon | |
189 | 12:05 | Photon Cannon | |
183 | 12:20 | Zealot x3 | |
183 | 12:21 | Zealot x7 | |
200 | 12:33 | Gateway | |
200 | 12:36 | Fleet Beacon | |
166 | 12:38 | Stargate | |
166 | 12:40 | Disruptor, Stargate | |
135 | 12:49 | Zealot x10 | |
155 | 12:57 | Shadow Stride (Chrono Boost) | |
155 | 12:58 | Disruptor | |
158 | 13:07 | Shield Battery | |
158 | 13:09 | Pylon | |
158 | 13:10 | Probe x5 | |
163 | 13:12 | Stalker | |
163 | 13:13 | Stalker x7 | |
163 | 13:18 | Stalker | |
163 | 13:19 | Stalker | |
180 | 13:22 | Probe | |
173 | 13:36 | Probe x4 | |
173 | 13:39 | Stalker x6 | |
173 | 13:40 | Probe | |
188 | 13:43 | Protoss Ground Armor Level 1 (Chrono Boost) | |
188 | 13:45 | Assimilator | |
189 | 13:48 | Probe x2 | |
189 | 13:52 | Observer | |
187 | 13:56 | Zealot x4 | |
192 | 14:09 | Zealot x6 | |
165 | 14:19 | Stalker x4 | |
165 | 14:21 | Tempest x2 (Chrono Boost) | |
175 | 14:30 | Disruptor (Chrono Boost) | |
176 | 14:36 | Tempest (Chrono Boost) | |
170 | 14:43 | Observer (Chrono Boost) | |
176 | 14:55 | Oracle | |
176 | 14:56 | Observer (Chrono Boost) | |
176 | 14:57 | Stalker x9 | |
197 | 15:16 | Pylon | |
197 | 15:19 | Photon Cannon | |
197 | 15:20 | Photon Cannon, Disruptor | |
200 | 15:23 | Pylon | |
200 | 15:26 | Pylon | |
200 | 15:27 | Zealot x2 | |
200 | 15:46 | Gateway | |
200 | 15:47 | Photon Cannon | |
200 | 15:48 | Photon Cannon | |
200 | 15:49 | Gateway | |
200 | 15:50 | Pylon | |
200 | 15:52 | Gateway | |
200 | 15:56 | Stalker x6 | |
177 | 15:59 | Tempest x3 | |
189 | 16:04 | Probe x4 | |
189 | 16:05 | Probe | |
179 | 16:20 | Stalker x6 | |
179 | 16:21 | Stalker | |
153 | 16:32 | Stalker | |
153 | 16:33 | Stalker x2 | |
148 | 16:40 | Observer | |
148 | 16:41 | Tempest | |
148 | 16:46 | Disruptor | |
156 | 16:56 | Nexus | |
156 | 16:57 | Pylon | |
154 | 17:01 | Pylon | |
154 | 17:06 | High Templar x8 | |
154 | 17:07 | High Templar x2 | |
174 | 17:08 | Tempest | |
174 | 17:11 | Archon x4 | |
174 | 17:12 | Archon | |
178 | 17:19 | Disruptor | |
181 | 17:25 | Oracle | |
184 | 17:30 | Nexus | |
184 | 17:32 | Zealot | |
184 | 17:33 | Pylon | |
184 | 17:36 | Protoss Air Weapons Level 2 (Chrono Boost) | |
186 | 17:37 | Pylon | |
186 | 17:38 | Photon Cannon | |
186 | 17:41 | Photon Cannon | |
186 | 17:43 | Photon Cannon | |
186 | 17:45 | Shield Battery | |
186 | 17:48 | Tempest, Shield Battery | |
186 | 17:50 | Observer, Pylon | |
192 | 17:56 | Observer | |
192 | 17:58 | Cybernetics Core | |
193 | 17:59 | Dark Templar | |
193 | 18:04 | Zealot x3 | |
193 | 18:05 | Zealot | |
200 | 18:09 | Dark Templar | |
164 | 18:21 | Stalker x7 | |
164 | 18:22 | Stalker | |
172 | 18:46 | Stalker x2 | |
172 | 18:47 | Stalker x7 | |
190 | 18:48 | Nexus | |
190 | 18:51 | Tempest | |
190 | 18:52 | Observer | |
196 | 19:02 | Photon Cannon | |
196 | 19:03 | Pylon | |
196 | 19:04 | High Templar x2 | |
196 | 19:05 | Photon Cannon | |
196 | 19:08 | Archon | |
191 | 19:21 | Zealot x2 | |
191 | 19:22 | Zealot x5 | |
189 | 19:29 | Disruptor (Chrono Boost) | |
175 | 19:31 | Pylon | |
175 | 19:32 | Disruptor (Chrono Boost) | |
164 | 19:51 | Unknown | |
164 | 19:52 | High Templar x3 | |
170 | 19:53 | High Templar, Zealot x4 | |
170 | 19:56 | Protoss Air Armor Level 1 (Chrono Boost) | |
170 | 19:57 | Archon x2 | |
170 | 19:58 | Protoss Air Weapons Level 3 (Chrono Boost) | |
170 | 19:59 | Disruptor (Chrono Boost) | |
183 | 20:01 | Photon Cannon, Disruptor (Chrono Boost) | |
186 | 20:20 | Nexus | |
186 | 20:23 | Photon Cannon | |
186 | 20:25 | Photon Cannon, Protoss Shields Level 2 (Chrono Boost) | |
186 | 20:31 | Disruptor (Chrono Boost) | |
192 | 20:39 | Disruptor (Chrono Boost), Dark Templar x5 | |
199 | 20:50 | Nexus | |
197 | 21:00 | Shield Battery | |
197 | 21:01 | Oracle (Chrono Boost) | |
197 | 21:02 | Observer | |
197 | 21:03 | Shield Battery | |
196 | 21:05 | Pylon | |
197 | 21:20 | Dark Templar | |
191 | 21:44 | Observer, Assimilator | |
191 | 21:45 | Pylon | |
191 | 21:46 | Assimilator | |
187 | 21:48 | Stalker x6 | |
195 | 21:59 | Tempest | |
198 | 22:11 | Protoss Air Armor Level 2 (Chrono Boost) | |
198 | 22:12 | Zealot | |
200 | 22:18 | Pylon | |
181 | 22:39 | High Templar x4 | |
181 | 22:40 | Observer, High Templar | |
181 | 22:41 | High Templar | |
181 | 22:42 | Tempest, Pylon | |
198 | 22:45 | Archon x3 | |
198 | 22:52 | Dark Templar | |
198 | 22:54 | Photon Cannon | |
198 | 22:57 | Photon Cannon | |
200 | 22:59 | Photon Cannon | |
200 | 23:00 | Photon Cannon, Shield Battery | |
200 | 23:02 | Photon Cannon, Pylon | |
200 | 23:04 | Photon Cannon | |
200 | 23:11 | Unknown | |
191 | 23:28 | Disruptor | |
191 | 23:33 | Tempest | |
192 | 23:42 | Observer | |
191 | 23:50 | Photon Cannon | |
191 | 23:51 | Tempest | |
191 | 23:52 | Photon Cannon | |
191 | 23:54 | Photon Cannon | |
191 | 23:55 | Protoss Ground Armor Level 2 (Chrono Boost) | |
196 | 23:56 | Shield Battery | |
196 | 23:59 | Pylon | |
196 | 24:03 | Pylon | |
196 | 24:05 | Assimilator x2 | |
196 | 24:06 | Pylon | |
196 | 24:28 | Oracle | |
196 | 24:32 | Stalker x2 | |
200 | 24:39 | Observer | |
180 | 24:55 | Stalker | |
180 | 24:56 | Stalker x9 | |
200 | 25:01 | Photon Cannon x2 | |
200 | 25:03 | Photon Cannon | |
195 | 25:14 | Dark Templar x2 | |
199 | 25:23 | Photon Cannon | |
192 | 25:35 | Dark Templar | |
192 | 25:42 | Zealot x8 | |
193 | 25:44 | Tempest | |
193 | 25:45 | Tempest | |
183 | 25:56 | Stalker x5 | |
180 | 25:58 | Observer | |
180 | 26:00 | Disruptor | |
172 | 26:04 | Stalker | |
172 | 26:05 | Observer, Stalker x6 | |
172 | 26:09 | Stalker x2 | |
155 | 26:19 | Disruptor | |
143 | 26:32 | Stalker x14 | |
153 | 26:37 | Observer | |
153 | 26:39 | Pylon | |
160 | 26:41 | Pylon | |
160 | 26:42 | Assimilator | |
160 | 26:55 | Zealot x4 | |
160 | 26:56 | Zealot x8 | |
160 | 26:58 | Dark Templar | |
160 | 27:00 | Disruptor (Chrono Boost) | |
160 | 27:01 | Nexus | |
189 | 27:07 | Observer | |
189 | 27:11 | Shield Battery | |
189 | 27:12 | High Templar | |
189 | 27:14 | Pylon | |
191 | 27:16 | Observer, High Templar | |
191 | 27:18 | Photon Cannon | |
193 | 27:23 | Archon | |
193 | 27:25 | Oracle | |
197 | 27:33 | Disruptor (Chrono Boost) | |
197 | 27:34 | Zealot x3 | |
185 | 28:00 | Zealot | |
185 | 28:01 | Zealot x6 | |